 Dungeon Crawl Stone Soup version 0.29.1-14-g9c671dbff4 (webtiles) character file.

Game seed: 2375183562174315639

10 Wafflegowd the Insei (level 2, 0/21 HPs)
             Began as a Merfolk Transmuter on Feb 13, 2023.
             Slain by a frilled lizard (3 damage)
             ... on level 1 of the Dungeon.
             The game lasted 00:11:42 (1278 turns).

Wafflegowd the Insei (Merfolk Transmuter)           Turns: 1278, Time: 00:11:43

Health: 0/21       AC:  3    Str: 10    XL:     2   Next: 20%
Magic:  4/5        EV: 12    Int: 12    God:
Gold:   49         SH:  0    Dex: 14    Spells: 2/5 levels left

rFire   . . .      SeeInvis .     - Unarmed
rCold   . . .      Faith    .   (no shield)
rNeg    . . .      Spirit   .   a - +1 robe
rPois   .          Reflect  .   (helmet currently unavailable)
rElec   .          Harm     .   (no cloak)
rCorr   .          Rampage  .   (no gloves)
Will    .....                   (boots currently unavailable)
Stlth   +.........              (no amulet)
HPRegen 0.07/turn               (no ring)
MPRegen 0.09/turn               (no ring)

@: appendages (expiring)
A: horns 2, (nimble swimmer 2), mertail
a: End Transformation


You were on level 1 of the Dungeon.
You had temporarily grown beastly horns.
You visited 1 branch of the dungeon, and saw 2 of its levels.

You collected 49 gold pieces.

Inventory:

Missiles
 c - 3 boomerangs
Armour
 a - a +1 robe (worn)
Magical Staves
 e - a staff of earth
Scrolls
 d - 2 scrolls of identify {unknown}
 f - a scroll of enchant weapon {unknown}
 g - 2 scrolls of teleportation {unknown}
 h - a scroll of magic mapping {unknown}
Potions
 b - a potion of lignification


   Skills:
 + Level 1.1 Fighting
 + Level 2.7 Dodging
 + Level 3.8 Unarmed Combat
 + Level 2.1 Spellcasting
 + Level 2.8 Transmutations


You had 2 spell levels left.
You knew the following spells:

 Your Spells              Type           Power      Damage    Failure   Level
a - Beastly Appendage     Tmut           14%        N/A       9%          1
b - Wereblood             Tmut           7%         N/A       13%         2

Your spell library contained the following spells:

 Spells                   Type           Power      Damage    Failure   Level
 Spider Form              Tmut/Pois      4%         N/A       41%         3
 Ice Form                 Ice/Tmut       4%         N/A       83%         4


Dungeon Overview and Level Annotations

Branches:
Dungeon (2/15)

Altars:


Innate Abilities, Weirdness & Mutations

You have temporarily grown beastly horns.
((You are very nimble when in or above water. (Stealth+, EV+, Speed+++)))
Your lower body shifts to a powerful aquatic tail in water.


Message History

The frilled lizard closely misses you.
You completely miss the frilled lizard.
You headbutt the frilled lizard, but do no damage.
The frilled lizard barely misses you. The rat completely misses you.
You miss the frilled lizard.
Your headbutt misses the frilled lizard.
The kobold hits you with a +0 short sword.
The frilled lizard closely misses you. The rat bites you but does no damage.
The jackal barely misses you.
A ball python comes into view.
You barely miss the frilled lizard. The rat barely misses you.
The kobold hits you with a +0 short sword.
The frilled lizard bites you. The jackal closely misses you.
You barely miss the frilled lizard.
Your transformation is almost over.
The ball python hisses angrily.
The jackal bites you but does no damage.
The kobold hits you with a +0 short sword.
The goblin hits you with a +0 club.
The frilled lizard bites you but does no damage.
The rat bites you but does no damage. The jackal barely misses you.
Your magical contamination has completely faded away.
The kobold hits you with a +0 short sword.
The frilled lizard bites you but does no damage.
The goblin misses you. The rat closely misses you.
The jackal bites you but does no damage.
The jackal closely misses you.
You climb upwards.
There is a stone staircase leading down here.
You barely miss the rat. The jackal bites you.
The kobold hits you with a +0 short sword.
* * * LOW HITPOINT WARNING * * *
The rat barely misses you. The goblin hits you but does no damage.
The frilled lizard closely misses you.
You barely miss the rat. The jackal bites you.
* * * LOW HITPOINT WARNING * * *
The kobold hits you but does no damage. The goblin hits you with a +0 club.
* * * LOW HITPOINT WARNING * * *
The frilled lizard bites you.
You die...

#.##.########..##.###..#
#.........# #..........#
####.####.# ##.##.###.##
#.# #.# #.##.# #.# #.#
#.# #.##.# #.# #.# #.#
#.##.# #.##
#.####.####.##.# #...
#..hrK......##.# ####
#>hl@#.####....# #
####g#.# #.##.# #
#.#.####..#.######
#..........#......
####.###.#'####.#> #.#
#.#....#### #.#
#........##
#.###...#......
#.##..####.....


You could see 2 jackals, a goblin, a kobold, a frilled lizard and a rat.

Vanquished Creatures
  An endoplasm (D:1)
  2 hobgoblins (D:1)
  2 quokkas (D:1)
  2 bats (D:1)
  2 frilled lizards (D:1)
9 creatures vanquished.

Notes
Turn   | Place    | Note
-------+----------+-------------------------------------------
     0 | D:1      | Wafflegowd the Merfolk Transmuter began the quest for the
                  | Orb.
     0 | D:1      | Reached XP level 1. HP: 15/15 MP: 3/3
   580 | D:1      | Reached XP level 2. HP: 13/21 MP: 5/5
   583 | D:1      | Learned a level 2 spell: Wereblood
  1278 | D:1      | Slain by a frilled lizard

Illustrated notes

Levels and vault maps discovered:
D:1:      dpeg_arrival_long_road, layout_loops_ring, item_on_display_a
D:2:      cheibrodos_helix_gallery, layout_rooms

Action                   || total
-------------------------++-------
Melee: Unarmed           ||    45
       Short sword       ||     9
       Headbutt          ||     2
 Cast: Beastly Appendage ||     3
  Use: Scroll            ||     1
 Stab: Sleeping          ||     1
Armor: Robe              ||    16
Dodge: Dodged            ||    46
